 Dungeon Crawl Stone Soup version 0.29-a0-96-g93358da72b (webtiles) character file.

Game seed: 15148604088012566677

277 cyrus the Skirmisher (level 6, -3/56 HPs)
             Began as a Naga Fighter on Feb 11, 2022.
             Was a Believer of Vehumet.
             Slain by a gnoll (8 damage)
             ... on level 4 of the Dungeon.
             The game lasted 00:10:58 (3808 turns).

cyrus the Skirmisher (Naga Fighter)                 Turns: 3808, Time: 00:10:59

Health: -3/56      AC:  7    Str: 20    XL:     6   Next: 26%
Magic:  6/6        EV:  5    Int:  9    God:    Vehumet [**....]
Gold:   79         SH:  4    Dex: 10    Spells: 5/5 levels left

rFire   . . .      SeeInvis +   a - +0 trident
rCold   . . .      Faith    .   c - +0 buckler
rNeg    . . .      Spirit   .   j - +0 chain mail
rPois   +          Reflect  .   (no helmet)
rElec   .          Harm     .   (no cloak)
rCorr   .          Rampage  .   (no gloves)
Will    .....                   (no barding)
Stlth   ..........              (no amulet)
HPRegen 0.18/turn               (no ring)
MPRegen 0.10/turn               (no ring)

@: mighty, very slow
A: AC +2, large, see invisible, deformed body, poison resistance, slowness 2,
spit poison 1, naga tail 1
a: Spit Poison, Renounce Religion


You were on level 4 of the Dungeon.
You worshipped Vehumet.
Vehumet was pleased with you.
You visited 1 branch of the dungeon, and saw 4 of its levels.

You collected 79 gold pieces.

Inventory:

Hand Weapons
 a - a +0 trident (weapon)
Missiles
 l - 26 stones
 m - 6 poisoned darts
Armour
 b - a +0 scale mail
 c - a +0 buckler (worn)
 j - a +0 chain mail (worn)
Jewellery
 h - a ring of ice
 i - a +6 ring of dexterity
Wands
 p - a wand of iceblast (8)
Scrolls
 d - a scroll of magic mapping {unknown}
 f - a scroll of silence {unknown}
 k - 2 scrolls of immolation
 n - 2 scrolls of noise
 o - a scroll of blinking {unknown}
 q - a scroll of fog {unknown}
 s - a scroll of enchant weapon {unknown}
Potions
 g - a potion of mutation {unknown}
 r - 2 potions of cancellation


   Skills:
 + Level 3.6 Fighting
 + Level 3.3 Polearms
 + Level 3.4 Armour
 + Level 2.0 Dodging
 + Level 0.2 Stealth
 + Level 3.4 Shields


You had 5 spell levels left.
You didn't know any spells.
Your spell library contained the following spells:

 Spells                   Type           Power      Damage    Failure   Level
 Static Discharge         Conj/Air       0%         N/A       100%        2
 Beastly Appendage        Tmut           0%         N/A       99%         1
 Wereblood                Tmut           0%         N/A       100%        2
 Dazzling Flash           Conj/Hex       0%         N/A       100%        3
 Spider Form              Tmut/Pois      0%         N/A       100%        3
 Iskenderun's Mystic Bla  Conj/Tloc      0%         2d3       100%        4
 Starburst                Conj/Fire      0%         6d3       100%        6


Dungeon Overview and Level Annotations

Branches:
Dungeon (4/15)
 Temple: D:4-7

Altars:
Vehumet


Innate Abilities, Weirdness & Mutations

Your serpentine skin is tough. (AC +2)
You have supernaturally acute eyesight. (SInv)
Armour fits poorly on your strangely shaped body.
Your system is resistant to poisons. (rPois)
You cover ground very slowly.
You can spit poison.
You have a snake-like lower body.


Message History

You barely miss the gnoll.
The gnoll is severely wounded.
The gnoll hits you with a +0 flail! The gnoll barely misses you.
You hit the gnoll.
You kill the gnoll!
Vehumet accepts your kill. You block the gnoll's attack.
Your Dodging skill increases to level 2!
You hit the adder.
The adder is heavily wounded.
The adder bites you but does no damage. The gnoll hits you with a +0 flail!
The gnoll barely misses you.
You puncture the ball python!
You kill the ball python!
Vehumet accepts your kill. The adder bites you but does no damage.
The gnoll hits you from afar with a +0 spear.
The gnoll hits you but does no damage. The adder barely misses you.
You puncture the adder!
You kill the adder!
Vehumet accepts your kill. The gnoll hits you with a +0 flail!
The gnoll hits you but does no damage.
You completely miss the gnoll. The gnoll hits you with a +0 flail!
The gnoll hits you from afar with a +0 spear.
* * * LOW HITPOINT WARNING * * *
The gnoll completely misses you.
Aiming: Iceblast
Press: ? - help, Q - select action, (/) - cycle Shift-Dir - straight line, f - gnoll
Aim: a gnoll, wielding a +0 flail That beam is likely to hit you.
Continue anyway?
Okay, then.
There are monsters nearby!
You closely miss the gnoll. The gnoll hits you with a +0 flail.
* * * LOW HITPOINT WARNING * * *
The gnoll hits you but does no damage.
You barely miss the gnoll. You block the gnoll's attack. x2
The gnoll hits you with a +0 flail!
* * * LOW HITPOINT WARNING * * *
The gnoll hits you with a +0 flail!
You die...

.) ... ....
#.... ##....
##.g.# ##gg.#
# ##.@# .#
###..## ..#
##..### #..#
##..##
#..######..##
#...##..###
#.....##
#....##
##.###


You could see 3 gnolls.

Vanquished Creatures
  A scorpion (D:3)
  A hound (D:3)
  A centaur skeleton (D:4)
  An iguana (D:4)
  A gnoll (D:4)
  5 adders
  A worm (D:3)
  A dart slug (D:3)
  3 orcs (D:3)
  11 ball pythons
  12 bats
  5 endoplasms
  3 giant cockroaches
  5 goblins
  6 hobgoblins
  3 quokkas
  3 frilled lizards
  6 kobolds
  7 rats
76 creatures vanquished.

Notes
Turn   | Place    | Note
-------+----------+-------------------------------------------
     0 | D:1      | cyrus the Naga Fighter began the quest for the Orb.
     0 | D:1      | Reached XP level 1. HP: 21/21 MP: 1/1
   315 | D:1      | Reached XP level 2. HP: 28/28 MP: 2/2
   609 | D:1      | Found a faded altar of an unknown god.
   629 | D:1      | Prayed at the altar of an unknown god.
   629 | D:1      | Became a worshipper of Vehumet
   629 | D:1      | Reached * piety under Vehumet
   629 | D:1      | Offered knowledge of Sandblast by Vehumet.
   680 | D:1      | Reached XP level 3. HP: 30/34 MP: 3/3
  1586 | D:2      | Reached XP level 4. HP: 30/42 MP: 4/4
  1671 | D:2      | You fall into a shaft and drop 1 floor!
  1674 | D:3      | Reached ** piety under Vehumet
  1685 | D:3      | Offered knowledge of Static Discharge by Vehumet.
  2278 | D:3      | Noticed a scorpion
  2290 | D:3      | Killed a scorpion
  2291 | D:3      | Reached XP level 5. HP: 41/49 MP: 5/5
  2565 | D:3      | Reached skill level 1 in Dodging
  3474 | D:4      | Reached XP level 6. HP: 34/56 MP: 6/6
  3808 | D:4      | Slain by a gnoll

Illustrated notes

Levels and vault maps discovered:
D:1:      scummos_arrival_forest, layout_loops_corners,
          shapermc_ecumenical_altar_starsandcircs
D:2:      layout_basic, grunt_decor_cap, minmay_ruptured
D:3:      layout_loops_corners
D:4:      layout_cave_pods, jmf_multi_god_temple2

Skill      XL: |  1  2  3  4  5  6 |
---------------+-------------------+-----
Shields        | 3 |  3.4
Armour         | 3 |  3.4
Polearms       | 3 |  3.3
Dodging        | 1 2 |  2.0
Fighting       | |  3.6
Stealth        | |  0.2

Action                   |  1- 3 |  4- 6 || total
-------------------------+-------+-------++-------
Melee: Trident           |   106 |   137 ||   243
 Abil: Spit Poison       |     1 |     5 ||     6
Evoke: Wand              |       |     1 ||     1
  Use: Potion            |       |     2 ||     2
       Scroll            |       |     3 ||     3
Armor: Scale mail        |    23 |       ||    23
       Chain mail        |    60 |    86 ||   146
Dodge: Dodged            |    39 |    47 ||    86
Block: Buckler           |    33 |    35 ||    68

Table legend: (Time is in decaauts)
 A = Elapsed time spent in this place.
 B = Non-inter-level travel time spent in this place.
 C = Inter-level travel time spent in this place.
 D = Time resting spent in this place.
 E = Time spent auto-exploring this place.
 F = Levels seen in this place.
 G = Mean time per level.
                   A        B        C        D        E       F      G
               +--------+--------+--------+--------+--------+-----+--------+
         Total |   4637 |   4637 |      0 |    686 |   2933 |   4 | 1159.2 |
       Dungeon |   4637 |   4637 |      0 |    686 |   2933 |   4 | 1159.2 |
               +--------+--------+--------+--------+--------+-----+--------+

Top non-repeatable levels by time:
     D:3: 1993 daAuts
     D:1: 1466 daAuts
     D:2: 650 daAuts
     D:4: 527 daAuts
